2343 views
Uploaded 2023-12-24 10:46:47
Game version 1.36 (6115)
15:11 long 1on1 custom game on (2)lastrefuge_s2_v1.5
Game name "deki"
Saved by dexon
2343 views
Uploaded 2023-12-24 10:46:47
Game version 1.36 (6115)
15:11 long 1on1 custom game on (2)lastrefuge_s2_v1.5
Game name "deki"

32 units @ 3.5k
/ 0.8k
13 buildings @ 2.3k
/ 1k


| Staff of Preservation | 1 | 150 |
| Moonstone | 2 | 100 |
| Potion of Healing | 2 | 300 |
| Boots of Speed | 1 | 250 |
| Staff of Teleportation | 1 | 150 |
| total: | 7 | 950g |
| Wisp | 15 | 900 | / | 0 |
| Archer | 5 | 650 | / | 50 |
| Dryad | 10 | 1450 | / | 600 |
| Druid of the Claw | 2 | 510 | / | 160 |
| total: | 32 | 3510g | / | 810w |
| Ancient Protector | 1 | 135 | / | 80 |
| Altar of Elders | 1 | 180 | / | 50 |
| Moon Well | 4 | 720 | / | 160 |
| Ancient of War | 2 | 300 | / | 120 |
| Ancient of Wonders | 1 | 90 | / | 30 |
| Hunter's Hall | 1 | 210 | / | 100 |
| Tree of Life | 1 | 340 | / | 185 |
| Ancient of Lore | 2 | 310 | / | 290 |
| Tree of Ages | 1 | 320 | / | 180 |
| Tree of Eternity | 1 | 330 | / | 200 |
| total: | 13 | 2285g | / | 1015w |
| 0:03 | Wisp |
| 0:03 | Wisp |
| 0:07 | Altar of Elders |
| 0:19 | Moon Well |
| 0:24 | Ancient of War |
| 0:29 | Wisp |
| 0:37 | Wisp |
| 0:51 | Wisp |
| 1:00 | Wisp |
| 1:17 | Wisp |
| 1:27 | Archer |
| 1:40 | Moon Well |
| 2:02 | Wisp |
| 2:14 | Immolation |
| 2:27 | Ancient of War |
| 2:47 | Tree of Ages |
| 3:18 | Mana Burn |
| 3:37 | Archer |
| 3:37 | Archer |
| 3:59 | Archer |
| 4:15 | Boots of Speed |
| 4:24 | Ancient of Wonders |
| 4:39 | Archer |
| 5:17 | Mana Burn |
| 5:24 | Hunter's Hall |
| 5:35 | Moon Well |
| 5:37 | Wisp |
| 5:37 | Wisp |
| 6:33 | Frost Arrows |
| 6:45 | Ancient of Lore |
| 6:58 | Staff of Teleportation |
| 7:19 | Staff of Preservation |
| 7:33 | Wisp |
| 7:38 | Ancient of Lore |
| 8:02 | Tree of Life |
| 8:06 | Forked Lightning |
| 8:11 | Dryad |
| 8:42 | Dryad |
| 9:07 | Abolish Magic |
| 9:25 | Moonstone |
| 9:27 | Potion of Healing |
| 9:30 | Moon Well |
| 9:46 | Dryad |
| 10:14 | Druid of the Claw |
| 10:17 | Wisp |
| 10:17 | Wisp |
| 10:34 | Ancient Protector |
| 10:46 | Immolation |
| 11:03 | Druid of the Claw Adept Training |
| 11:10 | Moonstone |
| 11:26 | Druid of the Claw |
| 11:28 | Wisp |
| 11:54 | Wisp |
| 12:16 | Tree of Eternity |
| 12:49 | Dryad |
| 13:04 | Dryad |
| 13:22 | Dryad |
| 13:37 | Dryad |
| 13:49 | Dryad |
| 13:58 | Forked Lightning |
| 14:19 | Potion of Healing |
| 14:44 | Dryad |
| 15:04 | Dryad |
| Right click | 959 |
| Select | 281 |
| Select group | 170 |
| Build/train/purchase | 97 |
| Use ability | 76 |
| Assign group | 52 |
| Chat | 4 |
| Item give/drop | 3 |
| Esc | 2 |
29 units @ 4k
/ 0.3k
15 buildings @ 1.7k
/ 0.6k


| Scroll of Regeneration | 3 | 300 |
| Lesser Clarity Potion | 3 | 210 |
| Potion of Mana | 2 | 400 |
| Potion of Healing | 1 | 150 |
| Scroll of Town Portal | 1 | 350 |
| total: | 10 | 1410g |
| Peasant | 9 | 675 | / | 0 |
| Footman | 7 | 945 | / | 0 |
| Rifleman | 7 | 1435 | / | 210 |
| Priest | 4 | 540 | / | 40 |
| Spell Breaker | 2 | 430 | / | 60 |
| total: | 29 | 4025g | / | 310w |
| Altar of Kings | 1 | 180 | / | 50 |
| Barracks | 2 | 320 | / | 120 |
| Farm | 8 | 640 | / | 160 |
| Blacksmith | 1 | 140 | / | 60 |
| Arcane Vault | 1 | 130 | / | 30 |
| Lumber Mill | 1 | 120 | / | 0 |
| Arcane Sanctum | 1 | 150 | / | 140 |
| Keep | 1 | 320 | / | 210 |
| Castle | 1 | 360 | / | 210 |
| total: | 15 | 1680g | / | 560w |
| 0:02 | Peasant |
| 0:02 | Peasant |
| 0:07 | Altar of Kings |
| 0:13 | Barracks |
| 0:18 | Farm |
| 0:23 | Peasant |
| 0:52 | Peasant |
| 1:02 | Farm |
| 1:10 | Peasant |
| 1:16 | Footman |
| 1:26 | Peasant |
| 1:32 | Peasant |
| 1:35 | Footman |
| 2:28 | Summon Water Elemental |
| 2:35 | Peasant |
| 2:36 | Peasant |
| 2:59 | Keep |
| 2:59 | Footman |
| 3:04 | Farm |
| 4:00 | Blacksmith |
| 4:10 | Footman |
| 4:16 | Barracks |
| 4:35 | Footman |
| 4:49 | Footman |
| 4:49 | Footman |
| 4:54 | Arcane Vault |
| 5:04 | Farm |
| 5:21 | Scroll of Regeneration |
| 5:25 | Lesser Clarity Potion |
| 5:29 | Arcane Sanctum |
| 6:03 | Brilliance Aura |
| 6:43 | Storm Bolt |
| 6:58 | Rifleman |
| 7:00 | Farm |
| 7:19 | Lumber Mill |
| 7:23 | Scroll of Regeneration |
| 7:23 | Lesser Clarity Potion |
| 7:34 | Rifleman |
| 7:36 | Farm |
| 7:44 | Priest |
| 7:53 | Priest |
| 8:58 | Rifleman |
| 9:26 | Bash |
| 9:35 | Priest |
| 9:56 | Brilliance Aura |
| 10:13 | Rifleman |
| 10:16 | Farm |
| 10:25 | Lesser Clarity Potion |
| 10:26 | Potion of Mana |
| 10:26 | Potion of Healing |
| 10:26 | Scroll of Regeneration |
| 11:00 | Scroll of Town Portal |
| 11:01 | Potion of Mana |
| 11:09 | Rifleman |
| 11:13 | Farm |
| 11:23 | Priest |
| 12:06 | Bash |
| 12:48 | Summon Water Elemental |
| 13:11 | Rifleman |
| 13:13 | Spell Breaker |
| 13:13 | Spell Breaker |
| 13:30 | Black Gunpowder |
| 13:31 | Castle |
| 14:46 | Rifleman |
| Right click | 881 |
| Select | 397 |
| Select group | 297 |
| Build/train/purchase | 83 |
| Misc. action | 62 |
| Assign group | 43 |
| Use ability | 12 |
| Item give/drop | 6 |
| Remove unit | 2 |
| Esc | 1 |